ACL
ACL DETROIT TIGERS @ ACL MINNESOTA TWINS
05/20/2042
 
TOP OF THE 1ST
ACL Detroit Tigers batting - Pitching for ACL Minnesota Twins : RHP Jeff Fontenot
Pitching: RHP Jeff Fontenot
Batting: RHB Ron Phillips 0-0: Foul Ball, location: 2F
0-1: Called Strike
0-2: Ball
1-2: Strikes out swinging
Batting: RHB Ron Boyd 0-0: Foul Ball, location: 2F
0-1: Swinging Strike
0-2: SOLO HOME RUN (Flyball, 7D, EV 92.5 MPH), Distance : 352 ft
Batting: RHB Curt Gordon 0-0: SOLO HOME RUN (Flyball, 7LD, EV 95.0 MPH), Distance : 333 ft
Batting: SHB Steve Wolf 0-0: Ball
1-0: Ball
2-0: Foul Ball, location: 2F
2-1: Foul Ball, location: 2F
2-2: Foul Ball, location: 2F
2-2: Strikes out looking
Batting: RHB Jeff Jackson 0-0: Ball
1-0: Ball
2-0: Ball
3-0: Called Strike
3-1: Foul Ball, location: 2F
3-2: Foul Ball, location: 23FF
3-2: Ground out 6-3 (Groundball, 56, EV 110.0 MPH)
Top of the 1st over - 2 runs, 2 hits, 0 errors, 0 left on base; ACL Detroit 2 - ACL Minnesota 0
BOTTOM OF THE 1ST
ACL Minnesota Twins batting - Pitching for ACL Detroit Tigers : RHP Joe Dye
Pitching: RHP Joe Dye
Batting: LHB Jerry Hanna 0-0: Called Strike
0-1: Foul Ball, location: 7LSF
0-2: Ball
1-2: Foul Ball, location: 2F
1-2: Strikes out swinging
Batting: RHB Sean Marsh 0-0: Ball
1-0: Ball
2-0: Ball
3-0: Swinging Strike
3-1: Base on Balls
Batting: RHB Del John 0-0: Fly out, F2 (Popup, 23F, EV 85.0 MPH)
Batting: RHB Wes Reynalds 0-0: Called Strike
0-1: Called Strike
0-2: Foul Ball, location: 2LF
0-2: Strikes out looking
Bottom of the 1st over - 0 runs, 0 hits, 0 errors, 1 left on base; ACL Detroit 2 - ACL Minnesota 0
TOP OF THE 2ND
ACL Detroit Tigers batting - Pitching for ACL Minnesota Twins : RHP Jeff Fontenot
Pitching: LHP Arlen James
Batting: RHB Colt Lyon 0-0: Called Strike
0-1: Ball
1-1: Ball
2-1: Ball
3-1: Base on Balls
Batting: LHB Randy Alford 0-0: Fly out, F7 (Flyball, 78S, EV 91.9 MPH)
Batting: RHB Pat Cochran 0-0: Ball
1-0: Called Strike
1-1: Ball
2-1: Foul Ball, location: 5DF
2-2: Strikes out swinging
Batting: RHB Jim Unknown 0-0: Ball
1-0: Ball
2-0: Called Strike
2-1: Swinging Strike
2-2: Strikes out swinging
Top of the 2nd over - 0 runs, 0 hits, 0 errors, 1 left on base; ACL Detroit 2 - ACL Minnesota 0
BOTTOM OF THE 2ND
ACL Minnesota Twins batting - Pitching for ACL Detroit Tigers : RHP Joe Dye
Batting: RHB Horace Blanco 0-0: Fly out, F8 (Flyball, 8LD, EV 106.9 MPH)
Batting: LHB Sam Anderson 0-0: Ball
1-0: Ball
2-0: Foul Ball, location: 2F
2-1: Foul Ball, location: 9LSFF
2-2: Ball
3-2: Foul Ball, location: 7LSF
3-2: Strikes out swinging
Batting: RHB Ronnie Spencer 0-0: Called Strike
0-1: Swinging Strike
0-2: Ball
1-2: Ball
2-2: Foul Ball, location: 3F
2-2: Ball
3-2: Base on Balls
Batting: RHB Curt Brooks 0-0: Called Strike
0-1: Foul Ball, location: 7LDF
0-2: Strikes out swinging
Bottom of the 2nd over - 0 runs, 0 hits, 0 errors, 1 left on base; ACL Detroit 2 - ACL Minnesota 0
TOP OF THE 3RD
ACL Detroit Tigers batting - Pitching for ACL Minnesota Twins : LHP Arlen James
Batting: RHB Ron Phillips 0-0: Ball
1-0: Ball
2-0: Ball
3-0: Called Strike
3-1: Swinging Strike
3-2: Foul Ball, location: 7LSF
3-2: Base on Balls
Batting: RHB Ron Boyd 0-0: Ball
1-0: Bunted foul
1-1: Ground out 6-3 (Groundball, 6, EV 81.3 MPH)
Ron Phillips to second
Batting: RHB Curt Gordon 0-0: Ball
1-0: Ball
2-0: Ball
3-0: Base on Balls
Batting: SHB Steve Wolf 0-0: Foul Ball, location: 25F
0-1: Ball
1-1: Foul Ball, location: 2F
1-2: Foul Ball, location: 5FF
1-2: Ball
2-2: Foul Ball, location: 2F
2-2: Foul Ball, location: 9LDF
2-2: SINGLE (Groundball, 6M, EV 98.1 MPH)
Ron Phillips to third
Curt Gordon to second
Batting: RHB Jeff Jackson 0-0: Swinging Strike
0-1: Swinging Strike
0-2: Strikes out looking
Batting: RHB Colt Lyon 0-0: Swinging Strike
0-1: Foul Ball, location: 3F
0-2: Ball
1-2: Strikes out swinging
Top of the 3rd over - 0 runs, 1 hit, 0 errors, 3 left on base; ACL Detroit 2 - ACL Minnesota 0
BOTTOM OF THE 3RD
ACL Minnesota Twins batting - Pitching for ACL Detroit Tigers : RHP Joe Dye
Batting: RHB Ron Mitchell 0-0: Swinging Strike
0-1: Called Strike
0-2: Ball
1-2: Foul Ball, location: 2F
1-2: Ball
2-2: Strikes out swinging
Batting: LHB Jerry Hanna 0-0: Ball
1-0: Ball
2-0: Ball
3-0: Base on Balls
Batting: RHB Sean Marsh 0-0: Foul Ball, location: 23F
0-1: Foul Ball, location: 2F
0-2: Foul Ball, location: 2F
0-2: Ball
1-2: SINGLE (Line Drive, 89S, EV 101.3 MPH)
Jerry Hanna to second
Batting: RHB Del John 0-0: Called Strike
0-1: Ball
1-1: Ball
2-1: Ball
Jerry Hanna steals 3rd base
Sean Marsh to second
3-1: Swinging Strike
3-2: Foul Ball, location: 2F
3-2: Ground out 6-3 (Groundball, 6, EV 90.0 MPH)
Jerry Hanna scores
Batting: RHB Wes Reynalds 0-0: Ball
1-0: Ball
2-0: Ball
3-0: Called Strike
3-1: Called Strike
3-2: Foul Ball, location: 2F
3-2: SINGLE (Groundball, 4, EV 96.3 MPH) (infield hit)
Sean Marsh to third
Batting: RHB Horace Blanco 0-0: Ball
1-0: Called Strike
1-1: SINGLE (Groundball, 6MD, EV 96.3 MPH)
Sean Marsh scores
Wes Reynalds to second
Runner from 2nd tries for 3rd, OUT! 8-5
Bottom of the 3rd over - 2 runs, 3 hits, 0 errors, 1 left on base; ACL Detroit 2 - ACL Minnesota 2
TOP OF THE 4TH
ACL Detroit Tigers batting - Pitching for ACL Minnesota Twins : LHP Arlen James
Pinch Hitting: LHB Jesús Cavazos 0-0: Fly out, F7 (Flyball, 7S, EV 71.9 MPH)
Batting: RHB Pat Cochran 0-0: Ball
1-0: Called Strike
1-1: Foul Ball, location: 2F
1-2: Ball
2-2: Ball
3-2: Base on Balls
Batting: RHB Jim Unknown 0-0: Ball
1-0: Ball
2-0: Ball
3-0: Called Strike
3-1: Base on Balls
Pat Cochran to second
Batting: RHB Ron Phillips 0-0: Foul Ball, location: 3F
0-1: Ball
1-1: Foul Ball, location: 5F
1-2: Strikes out looking
Batting: RHB Ron Boyd 0-0: Swinging Strike
0-1: Ball
1-1: DOUBLE (Line Drive, 8LXD, EV 103.1 MPH)
Pat Cochran scores
Jim Unknown to third
Runner from 3rd tries for Home, SAFE, throw by CF to trailing runner, SAFE at third!
Batting: RHB Curt Gordon 0-0: Ball
1-0: Swinging Strike
1-1: Swinging Strike
1-2: Strikes out looking
Top of the 4th over - 2 runs, 1 hit, 0 errors, 1 left on base; ACL Detroit 4 - ACL Minnesota 2
BOTTOM OF THE 4TH
ACL Minnesota Twins batting - Pitching for ACL Detroit Tigers : RHP Joe Dye
Now at 1B: Brad Bradshaw
Batting: LHB Sam Anderson 0-0: Ball
1-0: Ball
2-0: Ball
3-0: Called Strike
3-1: Base on Balls
Batting: RHB Ronnie Spencer 0-0: Ball
1-0: Sac Bunt to P - play at second, runner OUT! 1-6
Batting: RHB Curt Brooks 0-0: Ball
1-0: Foul Ball, location: 2F
1-1: Swinging Strike
1-2: Grounds into double play, 6-4-3 (Groundball, 6, EV 100.6 MPH)
Bottom of the 4th over - 0 runs, 0 hits, 0 errors, 0 left on base; ACL Detroit 4 - ACL Minnesota 2
TOP OF THE 5TH
ACL Detroit Tigers batting - Pitching for ACL Minnesota Twins : LHP Arlen James
Batting: SHB Steve Wolf 0-0: Called Strike
0-1: Swinging Strike
0-2: Ball
1-2: Ground out 5-3 (Groundball, 56, EV 80.6 MPH)
Batting: RHB Jeff Jackson 0-0: Called Strike
0-1: Ball
1-1: Foul Ball, location: 5F
1-2: Ball
2-2: Ground out 1-3 (Groundball, 25, EV 74.4 MPH)
Batting: RHB Colt Lyon 0-0: Called Strike
0-1: SOLO HOME RUN (Flyball, 7D, EV 94.4 MPH), Distance : 354 ft
Batting: LHB Brad Bradshaw 0-0: Foul Ball, location: 3FF
0-1: Ball
1-1: Ball
2-1: Ball
3-1: Swinging Strike
3-2: Foul Ball, location: 25F
3-2: Fly out, F7 (Flyball, 78M, EV 83.8 MPH)
Top of the 5th over - 1 run, 1 hit, 0 errors, 0 left on base; ACL Detroit 5 - ACL Minnesota 2
BOTTOM OF THE 5TH
ACL Minnesota Twins batting - Pitching for ACL Detroit Tigers : RHP Joe Dye
Batting: RHB Ron Mitchell 0-0: Fly out, F9 (Flyball, 89M, EV 78.8 MPH)
Batting: LHB Jerry Hanna 0-0: Ball
1-0: Called Strike
1-1: Called Strike
1-2: Foul Ball, location: 2F
1-2: Strikes out looking
Batting: RHB Sean Marsh 0-0: Ball
1-0: Foul Ball, location: 25F
1-1: Swinging Strike
1-2: Ball
2-2: Strikes out swinging
Bottom of the 5th over - 0 runs, 0 hits, 0 errors, 0 left on base; ACL Detroit 5 - ACL Minnesota 2
TOP OF THE 6TH
ACL Detroit Tigers batting - Pitching for ACL Minnesota Twins : LHP Arlen James
Batting: RHB Pat Cochran 0-0: Ball
1-0: Foul Ball, location: 23FF
1-1: Foul Ball, location: 9LMF
1-2: Ball
2-2: Strikes out swinging
Batting: RHB Jim Unknown 0-0: Called Strike
0-1: Ball
1-1: Foul Ball, location: 25FF
1-2: Strikes out swinging
Batting: RHB Ron Phillips 0-0: Ball
1-0: Ball
2-0: Ball
3-0: Base on Balls
Batting: RHB Ron Boyd 0-0: Foul Ball, location: 3DF
0-1: Ball
1-1: Ball
2-1: Foul Ball, location: 2F
2-2: Foul Ball, location: 2F
2-2: Ball
3-2: Foul Ball, location: 3F
3-2: Foul Ball, location: 23FF
3-2: Ground out 6-3 (Groundball, 6, EV 88.1 MPH)
Top of the 6th over - 0 runs, 0 hits, 0 errors, 1 left on base; ACL Detroit 5 - ACL Minnesota 2
BOTTOM OF THE 6TH
ACL Minnesota Twins batting - Pitching for ACL Detroit Tigers : RHP Joe Dye
Pitching: RHP Ric Marshall
Batting: RHB Del John 0-0: Called Strike
0-1: Ball
1-1: Ball
2-1: Fly out, F8 (Line Drive, 8LM, EV 89.4 MPH)
Batting: RHB Wes Reynalds 0-0: Ball
1-0: Foul Ball, location: 3F
1-1: Fly out, F9 (Flyball, 9, EV 88.1 MPH)
Batting: RHB Horace Blanco 0-0: Fly out, F9 (Line Drive, 9D, EV 93.1 MPH)
Bottom of the 6th over - 0 runs, 0 hits, 0 errors, 0 left on base; ACL Detroit 5 - ACL Minnesota 2
TOP OF THE 7TH
ACL Detroit Tigers batting - Pitching for ACL Minnesota Twins : LHP Arlen James
Pitching: RHP Juan Gonzáles
Batting: RHB Curt Gordon 0-0: Ball
1-0: Ball
2-0: Called Strike
2-1: SOLO HOME RUN (Flyball, 7D, EV 95.6 MPH), Distance : 370 ft
Batting: SHB Steve Wolf 0-0: Foul Ball, location: 7LSF
0-1: Ball
1-1: Foul Ball, location: 5FF
1-2: Ball
2-2: Foul Ball, location: 7LDF
2-2: Foul Ball, location: 3F
2-2: SINGLE (Line Drive, 56D, EV 108.1 MPH)
Batting: RHB Jeff Jackson 0-0: Ball
1-0: DOUBLE (Line Drive, 78XD, EV 106.9 MPH)
Steve Wolf to third
Batting: RHB Colt Lyon 0-0: Called Strike
0-1: Ball
1-1: Fly out, F7 (Line Drive, 7, EV 90.0 MPH)
Batting: LHB Brad Bradshaw 0-0: Ball
1-0: Ball
2-0: Ball
3-0: Called Strike
3-1: Foul Ball, location: 2F
3-2: Base on Balls
Batting: RHB Pat Cochran 0-0: Ball
1-0: Ball
2-0: GRAND SLAM HOME RUN (Flyball, 7LD, EV 93.1 MPH), Distance : 336 ft
Pitching: RHP Raúl Colón
Batting: RHB Jim Unknown 0-0: Called Strike
0-1: Called Strike
0-2: Strikes out looking
Batting: RHB Ron Phillips 0-0: Ball
1-0: Ball
2-0: Ball
3-0: Base on Balls
Batting: RHB Ron Boyd 0-0: Ball
1-0: Called Strike
1-1: Ball
2-1: Foul Ball, location: 5F
2-2: Strikes out looking
Top of the 7th over - 5 runs, 4 hits, 0 errors, 1 left on base; ACL Detroit 10 - ACL Minnesota 2
BOTTOM OF THE 7TH
ACL Minnesota Twins batting - Pitching for ACL Detroit Tigers : RHP Ric Marshall
Batting: LHB Sam Anderson 0-0: Ball
1-0: Ball
2-0: DOUBLE (Line Drive, 78D, EV 111.3 MPH)
Batting: RHB Ronnie Spencer 0-0: Ball
1-0: Swinging Strike
1-1: Swinging Strike
1-2: Foul Ball, location: 3F
1-2: Strikes out swinging
Batting: RHB Curt Brooks 0-0: Ball
1-0: Called Strike
1-1: Called Strike
1-2: Strikes out looking
Batting: RHB Ron Mitchell 0-0: Ball
1-0: Called Strike
1-1: Foul Ball, location: 2F
1-2: Strikes out swinging
Bottom of the 7th over - 0 runs, 1 hit, 0 errors, 1 left on base; ACL Detroit 10 - ACL Minnesota 2
TOP OF THE 8TH
ACL Detroit Tigers batting - Pitching for ACL Minnesota Twins : RHP Raúl Colón
Pinch Hitting: SHB Pete Campbell 0-0: Called Strike
0-1: Ball
1-1: Ball
2-1: Ball
3-1: Called Strike
3-2: DOUBLE (Line Drive, 3D, EV 108.8 MPH)
Batting: SHB Steve Wolf 0-0: Ball
1-0: Foul Ball, location: 25F
1-1: Ball
2-1: Ball
3-1: Foul Ball, location: 2F
3-2: Foul Ball, location: 2F
3-2: Base on Balls
Batting: RHB Jeff Jackson 0-0: Ball
1-0: Swinging Strike
1-1: Ball
2-1: Foul Ball, location: 2F
2-2: Strikes out swinging
Pinch Hitting: RHB Eric Dixon 0-0: Called Strike
0-1: Foul Ball, location: 3F
0-2: Ball
1-2: Ball
2-2: Strikes out swinging
Batting: LHB Brad Bradshaw 0-0: Swinging Strike
0-1: Swinging Strike
0-2: Ball
1-2: Ball
2-2: Foul Ball, location: 7LSF
2-2: Ball
3-2: Base on Balls
Pete Campbell to third
Steve Wolf to second
Batting: RHB Pat Cochran 0-0: Ball
1-0: Called Strike
1-1: Ball
2-1: Called Strike
2-2: Strikes out swinging
Top of the 8th over - 0 runs, 1 hit, 0 errors, 3 left on base; ACL Detroit 10 - ACL Minnesota 2
BOTTOM OF THE 8TH
ACL Minnesota Twins batting - Pitching for ACL Detroit Tigers : RHP Ric Marshall
Now at 3B: Eric Dixon
Now in CF: Steve Wolf
Now in RF: Pete Campbell
Batting: LHB Jerry Hanna 0-0: Ball
1-0: Ball
2-0: Ball
3-0: Foul Ball, location: 2F
3-1: Base on Balls
Pinch Hitting: RHB Steve Stevenson 0-0: Ball
1-0: Foul Ball, location: 7LSF
1-1: Ball
2-1: Foul Ball, location: 5SF
2-2: Ball
3-2: Base on Balls
Jerry Hanna to second
Batting: SHB J.R. Brown 0-0: Ball
1-0: Ball
2-0: Called Strike
2-1: Called Strike
2-2: Strikes out swinging
Pitching: LHP Curt Thomas
Batting: RHB Wes Reynalds 0-0: Ball
1-0: Ball
2-0: Fly out, F8 (Flyball, 8RM, EV 89.4 MPH)
Batting: RHB Horace Blanco 0-0: SINGLE (Flyball, 8RS, EV 88.1 MPH)
Jerry Hanna to third
Steve Stevenson to second
Runner from 3rd tries for Home, SAFE, throw by CF to home
Batting: LHB Sam Anderson 0-0: Ball
1-0: Swinging Strike
1-1: Ground out U3 (Groundball, 3L, EV 80.0 MPH)
Bottom of the 8th over - 1 run, 1 hit, 0 errors, 2 left on base; ACL Detroit 10 - ACL Minnesota 3
TOP OF THE 9TH
ACL Detroit Tigers batting - Pitching for ACL Minnesota Twins : RHP Raúl Colón
Now in LF: Steve Stevenson
Batting: RHB Jim Unknown 0-0: Called Strike
0-1: Foul Ball, location: 2F
0-2: Ball
1-2: Ball
2-2: Fly out, F8 (Flyball, 8RD, EV 106.3 MPH)
Batting: RHB Ron Phillips 0-0: Ball
1-0: Foul Ball, location: 3FF
1-1: Foul Ball, location: 2F
1-2: Ball
2-2: Foul Ball, location: 2F
2-2: Foul Ball, location: 7LMF
2-2: Fly out, F8 (Flyball, 89D, EV 104.4 MPH)
Batting: RHB Ron Boyd 0-0: Ball
1-0: Fly out, F7 (Flyball, 78S, EV 95.0 MPH)
Top of the 9th over - 0 runs, 0 hits, 0 errors, 0 left on base; ACL Detroit 10 - ACL Minnesota 3
BOTTOM OF THE 9TH
ACL Minnesota Twins batting - Pitching for ACL Detroit Tigers : LHP Curt Thomas
Batting: RHB Ronnie Spencer 0-0: Swinging Strike
0-1: Ball
1-1: Foul Ball, location: 2F
1-2: Strikes out swinging
Pinch Hitting: RHB Danny Bowman 0-0: Foul Ball, location: 2F
0-1: Swinging Strike
0-2: Strikes out looking
Batting: RHB Ron Mitchell 0-0: Called Strike
0-1: Called Strike
0-2: Foul Ball, location: 9LSF
0-2: Strikes out swinging
Bottom of the 9th over - 0 runs, 0 hits, 0 errors, 0 left on base; ACL Detroit 10 - ACL Minnesota 3
Friday, May 3rd , 2024 - OOTP Baseball 24.10 Build 82